 Dungeon Crawl Stone Soup version 0.18.1-5-g4a78601 (webtiles) character file.

189 FitzyFitz the Stinger (level 5, 0/28 HPs)
             Began as a Gargoyle Venom Mage on May 10, 2016.
             Splashed by a jelly's acid (8 damage)
             ... on level 3 of the Dungeon.
             The game lasted 00:12:38 (3264 turns).

FitzyFitz the Stinger (Gargoyle Venom Mage)         Turns: 3264, Time: 00:12:39

Health: 0/28       AC:  5    Str: 12    XL:     5   Next: 68%
Magic:  5/8        EV: 12    Int: 16    God:
Gold:   130        SH:  0    Dex: 10    Spells: 2 memorised, 4 levels left

rFire  . . .     SeeInvis .     a - +4 hand axe (venom)
rCold  . . .     Gourm    .     o - +0 robe
rNeg   + . .     Faith    .     (no shield)
rPois  ∞         Spirit   .     g - +0 helmet
rElec  +         Dismiss  .     (no cloak)
rCorr  .         Reflect  .     i - +0 pair of gloves
SustAt .         Harm     .     v - +0 pair of boots (curse)
MR     .....                    (no amulet)
Stlth  ++........               (no ring)
                                (no ring)

@: corroded, hasted, very quick, not resistant to hostile enchantments,
unstealthy
A: negative energy resistance 1, electricity resistance, unbreathing,
petrification resistance, rot immunity, AC +4
a: no special abilities


You were on level 3 of the Dungeon.
You were hungry.

You visited 1 branch of the dungeon, and saw 4 of its levels.

You collected 130 gold pieces.

Inventory:

Hand Weapons
 a - a +4 hand axe of venom (weapon)
 p - a +0 war axe
 w - a +2 dagger of protection
 y - a +0 rapier
 z - a +0 hunting sling
 B - a +0 flail
Missiles
 d - 27 sling bullets
 m - 93 stones (quivered)
Armour
 g - a +0 helmet (worn)
 i - a +0 pair of gloves (worn)
 o - a +0 robe (worn)
 s - a +0 leather armour
 v - a cursed +0 pair of boots (worn)
Wands
 A - a wand of acid (9/15)
Scrolls
 e - a scroll of teleportation {unknown}
 f - a scroll of random uselessness {unknown}
 n - 2 scrolls of immolation
 q - a scroll of magic mapping {unknown}
 r - a scroll of enchant armour {unknown}
Potions
 j - a potion of invisibility
 k - 2 potions of lignification {unknown}
 l - 2 potions of heal wounds {unknown}
 u - a potion of haste
 x - a potion of berserk rage {unknown}
Books
 b - a Young Poisoner's Handbook

   Spells                             Type                      Level
   a - Sting                          Conjuration/Poison           1
   b - Cure Poison                    Poison                       2
   c - Mephitic Cloud                 Conjuration/Poison/Air       3
   d - Olgreb's Toxic Radiance        Poison                       4
   e - Venom Bolt                     Conjuration/Poison           5
Comestibles
 c - 3 bread rations
 h - a meat ration
 t - 4 chunks of flesh


   Skills:
 + Level 0.4 Fighting
 + Level 0.6 Axes
 - Level 1.5 Dodging
 - Level 3.3 Stealth
 - Level 2.0 Spellcasting
 + Level 1.8 Conjurations
 + Level 0.2 Air Magic
 - Level 5.8 Poison Magic


You had 4 spell levels left.
You knew the following spells:

 Your Spells              Type           Power        Failure   Level  Hunger
a - Sting                 Conj/Pois      ##..         6%          1    #......
b - Mephitic Cloud        Conj/Pois/Air  ##......     21%         3    ###....


Dungeon Overview and Level Annotations

Branches:
Dungeon (4/15)
 Temple: D:4-7

Altars:

Annotations:
D:3 ProzacElf's ghost, amateur HuSk
D:4 Sigmund


Innate Abilities, Weirdness & Mutations

You are resistant to torment.
Your stone body is resilient (AC +4).
You are immune to poison.
You resist negative energy.
You are resistant to electric shocks.
You can survive without breathing.
You are immune to petrification.
You are immune to rotting.


Message History

The jelly is lightly wounded.
The jelly hits you.
You are splashed with acid!
The acid burns!
You hit the jelly.
Your hands burn!
The jelly is moderately wounded.
The orc priest looks more healthy.
The jelly closely misses you. The jelly misses you.
There is a stone staircase leading up here.
The jelly hits you but does no damage.
You climb upwards.
Level annotation: ProzacElf's ghost, amateur HuSk
There is a stone staircase leading down here.
Read which item? (? for menu, Esc to quit)
Okay, then.
Unknown command.
You are feeling hungry.
Drink which item? (? for menu, Esc to quit)
You feel yourself speed up. The jelly hits you.
* * * LOW HITPOINT WARNING * * *
You are splashed with acid!
The acid corrodes you!
The acid burns!
You die...

#.# #.........# #.#
#.######..# #.# #.#
#.....# #.# #.# #.##.###
#(# #.###.#..... #.#
#....(...### #.#
#.>......#
#.#########........#
#.......@J...[.....####
############..........###
#...........).#
#........##....
#.#########.... #.# #....
#.# #.... #.# ##... #.#
####


You could see a jelly.

Vanquished Creatures
  3 orc wizards
  Ijyb (D:2)
  2 adders (D:3)
  A worm (D:3)
  A giant gecko (D:3)
  5 orcs
  7 bats
  4 giant cockroaches
  7 goblins
  6 hobgoblins
  A quokka (D:2)
  2 giant newts
  6 kobolds
  12 rats
58 creatures vanquished.

Notes
Turn   | Place    | Note
--------------------------------------------------------------
     0 | D:1      | FitzyFitz the Gargoyle Venom Mage began the quest for the Orb.
     0 | D:1      | Reached XP level 1. HP: 10/10 MP: 3/3
   511 | D:1      | Reached XP level 2. HP: 15/15 MP: 1/5
  1275 | D:2      | Noticed Ijyb
  1292 | D:2      | Killed Ijyb
  1292 | D:2      | Reached XP level 3. HP: 14/19 MP: 1/6
  1380 | D:2      | Reached skill level 5 in Poison Magic
  1405 | D:2      | Learned a level 3 spell: Mephitic Cloud
  1536 | D:2      | Reached XP level 4. HP: 16/24 MP: 7/7
  2175 | D:3      | Noticed ProzacElf's ghost (amateur HuSk)
  2674 | D:4      | Noticed an ogre
  2791 | D:3      | Reached skill level 1 in Conjurations
  2791 | D:3      | Reached XP level 5. HP: 12/28 MP: 8/8
  3243 | D:4      | Noticed Sigmund
  3264 | D:3      | Splashed by a jelly's acid

Skill      XL: |  1  2  3  4 |
---------------+-------------+-----
Stealth        | 3 |  3.3
Poison Magic   | 5 |  5.8
Conjurations   | 1 |  1.8
Fighting       | |  0.4
Axes           | |  0.6
Dodging        | |  1.5
Spellcasting   | |  2.0
Air Magic      | |  0.2

Action                   |  1- 3 |  4- 6 || total
-------------------------+-------+-------++-------
Melee: Short sword       |    35 |       ||    35
       Unarmed           |     3 |       ||     3
       Club              |    23 |       ||    23
       Hand axe          |    49 |    58 ||   107
 Cast: Sting             |     9 |     8 ||    17
       Mephitic Cloud    |       |     4 ||     4
  Use: Scroll            |       |     7 ||     7
       Potion            |       |     1 ||     1
 Stab: Sleeping          |     2 |     1 ||     3
       Confused          |       |     3 ||     3
  Eat: Chunk             |     2 |     6 ||     8
Armor: Robe              |    66 |    25 ||    91
Dodge: Dodged            |    78 |    42 ||   120
